 Dungeon Crawl Stone Soup version 0.21.0 (webtiles) character file.

732 theanonym the Cleaver (level 7, -4/64 HPs)
             Began as a Hill Orc Monk on Jan 7, 2018.
             Slain by a hornet zombie (8 damage)
             ... on level 4 of the Dungeon.
             The game lasted 00:08:56 (4783 turns).

theanonym the Cleaver (Hill Orc Monk)               Turns: 4783, Time: 00:08:56

Health: -4/64      AC:  9    Str: 16    XL:     7   Next: 73%
Magic:  7/7        EV: 10    Int: 10    God:
Gold:   166        SH:  0    Dex: 13    Spells: 6/6 levels left

rFire    . . .     SeeInvis .   b - +1 mace (holy)
rCold    . . .     Gourm    .   (no shield)
rNeg     . . .     Faith    .   n - +0 scale mail {10}
rPois    .         Spirit   .   k - +0 helmet
rElec    .         Reflect  .   i - +0 cloak
rCorr    .         Harm     .   (no gloves)
MR       .....                  g - +0 pair of boots
Stlth    ..........             (no amulet)
HPRegen  0.20/turn              (no ring)
MPRegen  0.10/turn              (no ring)

@: very slightly contaminated, invisible
A: no striking features
a: no special abilities


   Skills:
 + Level 6.7 Fighting
 * Level 9.7 Axes
 - Level 2.4 Dodging
 - Level 1.5 Stealth


You had 6 spell levels left.
You didn't know any spells.

Skill      XL: |  1  2  3  4  5  6  7 |
---------------+----------------------+-----
Fighting       | 4 5 6 |  6.7
Axes           | 5 7 8 9 |  9.7
Dodging        | |  2.4
Stealth        | |  1.5

Action                   |  1- 3 |  4- 6 |  7- 9 || total
-------------------------+-------+-------+-------++-------
Melee: Hand axe          |   120 |   140 |   125 ||   385
       Mace              |       |       |    18 ||    18
  Use: Potion            |       |     5 |     1 ||     6
  Eat: Chunk             |     1 |     3 |     5 ||     9
       Ration            |     1 |       |       ||     1
Armor: Robe              |     4 |       |       ||     4
       Leather armour    |    30 |    31 |       ||    61
       Scale mail        |       |       |    70 ||    70
Dodge: Dodged            |    74 |    77 |    53 ||   204

Inventory:

Hand Weapons
 a - a +0 hand axe
 b - a +1 mace of holy wrath (weapon)
   (You took it off Terence on level 2 of the Dungeon)
Armour
 c - a +0 leather armour {4}
   (You found it on level 1 of the Dungeon)
 g - a +0 pair of boots (worn)
   (You found it on level 1 of the Dungeon)
 i - a +0 cloak (worn)
   (You found it on level 1 of the Dungeon)
 k - a +0 helmet (worn)
   (You took it off Robin on level 2 of the Dungeon)
 m - a +0 robe {0}
 n - a +0 scale mail (worn) {10}
   (You found it on level 3 of the Dungeon)
Wands
 d - a wand of digging (16)
   (You took it off Sigmund on level 2 of the Dungeon)
Scrolls
 f - a scroll of immolation {unknown}
 h - 3 scrolls of identify {unknown}
 l - 6 scrolls of remove curse {unknown}
 p - a scroll of blinking {unknown}
 q - a scroll of enchant weapon {unknown}
Potions
 j - a potion of brilliance
 w - a potion of curing
Comestibles
 e - 5 rations


You were on level 4 of the Dungeon.
You were not hungry.

You visited 1 branch of the dungeon, and saw 4 of its levels.

You collected 166 gold pieces.

Dungeon Overview and Level Annotations

Branches:
Dungeon (4/15)
 Temple: D:4-7

Altars:
Ashenzari
Trog
Uskayaw
Yredelemnul
Zin

.##.#.##....##.#
.##.......#.##.#
.####..........#######
.####.#.....###......#
......#.#...# #......#
.##.#.#.#...# #..###.#
...........## #.#..#
###.#..###.#
#).#.......
##.#.>....#
#.@###.####
#.....##### #..Z...#
#....## #...........
#....# #.##########
#...## #. #...#
######.
##...###...<.#.
...............
...........#.


You could see a hornet zombie.

Notes
Turn   | Place    | Note
-------+----------+-------------------------------------------
     0 | D:1      | theanonym the Hill Orc Monk began the quest for the Orb.
     0 | D:1      | Reached XP level 1. HP: 19/19 MP: 1/1
    16 | D:1      | HP: 10/20 [dart slug (2)]
    21 | D:1      | HP: 1/20 [dart slug/slug dart (6)]
   353 | D:1      | Reached XP level 2. HP: 26/27 MP: 2/2
   544 | D:1      | Reached skill level 4 in Fighting
   841 | D:1      | Reached skill level 5 in Axes
  1177 | D:1      | Reached XP level 3. HP: 33/33 MP: 3/3
  1235 | D:2      | Noticed Robin
  1254 | D:2      | HP: 15/33 [Robin/spear (4)]
  1471 | D:2      | Killed Robin
  1484 | D:2      | Reached XP level 4. HP: 31/41 MP: 4/4
  1588 | D:2      | Found a glowing silver altar of Zin.
  1638 | D:2      | Found a runed door.
  1638 | D:2      | Noticed a human
  1653 | D:2      | HP: 20/41 [poisoned by an adder]
  1658 | D:2      | HP: 15/41 [poisoned by an adder]
  1663 | D:2      | HP: 9/41 [poisoned by an adder]
  1949 | D:2      | Found a basalt altar of Yredelemnul.
  1969 | D:2      | Reached skill level 6 in Axes
  2097 | D:2      | HP: 20/41 [human (6)]
  2414 | D:2      | Noticed Sigmund
  2425 | D:2      | Killed Sigmund
  2425 | D:2      | Reached skill level 5 in Fighting
  2425 | D:2      | Reached skill level 7 in Axes
  2425 | D:2      | Reached XP level 5. HP: 40/48 MP: 5/5
  2425 | D:2      | Reached XP level 6. HP: 47/56 MP: 6/6
  2634 | D:2      | Noticed Terence
  2650 | D:2      | Killed Terence
  2701 | D:2      | HP: 28/56 [human (3)]
  2702 | D:2      | Killed a human
  2702 | D:2      | Reached skill level 8 in Axes
  3215 | D:3      | Reached skill level 6 in Fighting
  3284 | D:3      | Reached XP level 7. HP: 49/63 MP: 7/7
  3458 | D:3      | Noticed komo4ek's ghost (amateur TeSu)
  3578 | D:3      | Noticed a dagger
  3579 | D:3      | Noticed a hand axe
  3739 | D:3      | Killed komo4ek's ghost
  3882 | D:3      | Found a hide-covered altar of Uskayaw.
  3944 | D:3      | Found a shattered altar of Ashenzari.
  4223 | D:3      | Reached skill level 9 in Axes
  4317 | D:4      | Found a bloodstained altar of Trog.
  4358 | D:4      | Noticed Eustachio
  4408 | D:4      | Killed Eustachio
  4772 | D:4      | HP: 29/64 [hornet zombie (11)]
  4780 | D:4      | HP: 11/64 [hornet zombie (8)]
  4781 | D:4      | HP: 4/64 [hornet zombie (7)]
  4783 | D:4      | Slain by a hornet zombie

Vanquished Creatures
  Sigmund (D:2)
  Eustachio (D:4)
  A human (D:2)
  The ghost of komo4ek the Caller, an amateur TeSu (D:3)
  A human skeleton (D:2)
  2 worker ants (D:4)
  Terence (D:2)
  Robin (D:2)
  3 adders
  A shadow imp (D:4)
  An adder skeleton (D:4)
  2 worms (D:3)
  3 dart slugs
  2 leopard geckos
  3 giant cockroaches
  16 goblins
  9 hobgoblins
  5 jackals
  8 kobolds
  3 quokkas
  8 bats
  4 frilled lizards
  A jackal zombie (D:2)
  A kobold skeleton (D:2)
  3 rats
82 creatures vanquished.

Table legend:
 A = Turns spent in this place as a percentage of turns spent in the entire game.
 B = Non-inter-level travel turns spent in this place as a percentage of non-inter-level travel turns spent in the entire game.
 C = Inter-level travel turns spent in this place as a percentage of turns spent in this place.
 D = Turns resting spent in this place as a percentage of non-inter-level travel turns spent in this place.
 E = Turns spent auto-exploring this place as a percentage of non-inter-level travel turns spent in this place.
 F = Non-inter-level travel turns spent in this place divided by the number of levels of this place that you've seen.
                   A       B       C       D       E      F
               +-------+-------+-------+-------+-------+----------------------
         Total | 100.0 | 100.0 |   2.4 |  41.5 |  40.0 | 1167.0
       Dungeon | 100.0 | 100.0 |   2.4 |  41.5 |  40.0 | 1167.0
               +-------+-------+-------+-------+-------+----------------------
